 Dungeon Crawl Stone Soup version 0.29-a0-1009-g60c99734e7 (webtiles) character file.

Game seed: 10941495008098124112

1641 ragingrage the Cleaver (level 8, -3/37 HPs)
             Began as a Vine Stalker Chaos Knight on Aug 8, 2022.
             Was a Plaything of Xom.
             Killed from afar by an acid dragon (19 damage)
             ... with a splash of acid
             ... on level 8 of the Dungeon.
             The game lasted 00:06:17 (5324 turns).

ragingrage the Cleaver (Vine Stalker Chaos Knight)  Turns: 5324, Time: 00:06:18

Health: -3/37      AC:  8    Str: 18    XL:     8   Next: 99%
Magic:  0/9        EV: 13    Int: 12    God:    Xom [......]
Gold:   375        SH:  0    Dex: 25    Spells: 7/7 levels left

rFire   . . .      SeeInvis +   a - +0 hand axe (chaos)
rCold   . . .      Faith    .   (no shield)
rNeg    . . .      Spirit   +   k - +2 leather armour
rPois   .          Reflect  .   d - +0 helmet
rElec   .          Harm     .   (no cloak)
rCorr   .          Rampage  .   j - +0 pair of gloves
Will    +....                   D - +0 pair of boots
Stlth   ++........              e - amulet of magic regeneration
HPRegen 0.92/turn               E - +6 ring of dexterity
MPRegen 0.51/turn               A - +6 ring of dexterity

@: unable to read, unable to drink
A: fangs 3, regeneration 1, magic shield, antimagic bite, no potion heal 2, see
invisible, frail 1, inability to drink while threatened 1, inability to read
while threatened 1, sturdy frame 1
a: Renounce Religion


You were on level 8 of the Dungeon.
You worshipped Xom.
You were a very special plaything of Xom.
You visited 1 branch of the dungeon, and saw 7 of its levels.

You collected 399 gold pieces.
You spent 24 gold pieces at shops.

Inventory:

Hand Weapons
 a - a +0 hand axe of chaos (weapon)
 b - a +0 sling
 F - a +1 spear of freezing
Missiles
 u - 12 poisoned darts (quivered)
 H - 4 atropa-tipped darts
Armour
 d - a +0 helmet (worn)
 j - a +0 pair of gloves (worn)
 k - a +2 leather armour (worn)
 D - a +0 pair of boots (worn)
Jewellery
 e - an amulet of magic regeneration (around neck)
 l - a ring of protection from fire
 A - a +6 ring of dexterity (right hand)
 E - a +6 ring of dexterity (left hand)
Wands
 w - a wand of mindburst (10)
 y - a wand of roots (7)
 C - a wand of flame (22)
Scrolls
 f - a scroll of enchant weapon
 h - a scroll of amnesia
 m - 4 scrolls of magic mapping
 n - 3 scrolls of poison
 p - a scroll of fog
 q - a scroll of summoning {unknown}
 r - 4 scrolls of identify
 s - a scroll of noise {unknown}
 t - a scroll of vulnerability {unknown}
 v - a scroll of silence {unknown}
 B - a scroll of blinking {unknown}
 I - a scroll of brand weapon {unknown}
Potions
 g - 9 potions of curing
 i - a potion of flight {unknown}
 o - 3 potions of lignification
 x - a potion of might {unknown}
 z - a potion of ambrosia {unknown}
Miscellaneous
 c - a piece from Xom's chessboard (15/15)


   Skills:
 - Level 3.8 Fighting
 + Level 9.3 Axes
 - Level 2.9 Armour
 - Level 2.4 Dodging


You had 7 spell levels left.
You didn't know any spells.
Your spell library contained the following spells:

 Spells                   Type           Power      Damage    Failure   Level
 Beastly Appendage        Tmut           0%         N/A       34%         1
 Summon Small Mammal      Summ           0%         N/A       34%         1
 Wereblood                Tmut           0%         N/A       45%         2
 Call Canine Familiar     Summ           0%         N/A       71%         3
 Conjure Flame            Conj/Fire      0%         6-21      71%         3
 Ignite Poison            Fire/Tmut/Pois 0%         N/A       71%         3
 Spider Form              Tmut/Pois      0%         N/A       71%         3
 Summon Guardian Golem    Hex/Summ       0%         N/A       71%         3
 Sticky Flame             Conj/Fire      0%         2d3       98%         4
 Fireball                 Conj/Fire      0%         3d3       100%        5
 Starburst                Conj/Fire      0%         6d3       100%        6
 Ignition                 Fire           0%         3d3       100%        8


Dungeon Overview and Level Annotations

Branches:
Dungeon (6/15)             Temple (0/1) D:5

Altars:

Shops:
D:4 (

Annotations:
D:4 3 runed translucent doors, porpoise's ghost, novice DrTm


Innate Abilities, Weirdness & Mutations

You have razor-sharp teeth.
Your natural rate of healing is unusually fast.
When hurt, damage is shared between your health and your magic reserves.
Your bite disrupts and absorbs the magic of your enemies.
Potions cannot restore your health.
You have supernaturally acute eyesight. (SInv)
You are frail. (-10% HP)
You occasionally lose the ability to drink potions when taking damage.
You occasionally lose the ability to read scrolls when taking damage.
Your movements are slightly less encumbered by armour. (ER -2)


Message History

h - a scroll of amnesia
As you read the scroll of identify, it crumbles to dust.
p - a scroll of fog
Found a stone staircase leading up.
There is a stone staircase leading up here.
An acid dragon comes into view.
The acid dragon roars!
The acid dragon spits acid at you. The splash of acid hits you!!
Ouch! That really hurt!
* * * LOW HITPOINT WARNING * * *
Throw: throwing net
Press: ? - help, Q - select action, (/) - cycle Shift-Dir - straight line, f - acid dragon
Aim: an acid dragon (catching its breath, 65% to hit)
You throw a throwing net.
The throwing net barely misses the acid dragon.
You barely miss the acid dragon. You closely miss the acid dragon.
The acid dragon closely misses you. x2
You hit the acid dragon but do no damage.
You hear the hiss of a distant avalanche of sand.
The acid dragon completely misses you. The acid dragon barely misses you.
You barely miss the acid dragon. You bite the acid dragon. You drain its power.
You feel invigorated.
The acid dragon is lightly wounded.
The acid dragon bites you but does no damage.
The acid dragon barely misses you.
You completely miss the acid dragon. Your bite misses the acid dragon.
The acid dragon is lightly wounded.
The acid dragon bites you but does no damage.
The acid dragon claws you but does no damage.
You hit the acid dragon but do no damage.
The acid dragon easily resists.
You bite the acid dragon! You drain its power.
The acid dragon is heavily wounded.
The acid dragon spits acid at you. The splash of acid hits you!!
You feel threatened and lose the ability to read scrolls!
You feel threatened and lose the ability to drink potions!
Ouch! That really hurt!
You die...
Xom howls with laughter!

#.# # #<# # #.# # #.# #
#.# # #########.########
.######.................
..........##############
.####.@D.....(# #
#.###..#..###### # #.
#...#.....## # #.
.#...#....# # .#
#...#...#..# # .
..#...#....### ..
..#...#...#....) ^.
#...#...#....### #
..#...#...#..#


You could see an acid dragon (catching breath).

Vanquished Creatures
  Sigmund (D:5)
  A water moccasin (D:8)
  An orc warrior (D:8)
  An ice beast (D:5)
  An ogre (D:5)
  Blork the orc (D:5)
  A bullfrog (D:8)
  A necrophage (D:5)
  3 wights (D:8)
  2 howler monkeys
  2 orc priests
  A gnoll bouda (D:5)
  Ijyb (D:5)
  2 iguanas (D:5)
  4 orc wizards (D:5)
  Natasha (thrice) (D:2)
  9 adders
  11 gnolls
  A shadow imp (D:3)
  2 white imps (D:5)
  2 ufetubi
  A dart slug (D:2)
  6 orcs
  2 bats
  5 endoplasms
  3 giant cockroaches
  4 goblins
  9 hobgoblins
  3 jackals (D:3)
  5 quokkas
  5 ball pythons
  3 frilled lizards
  5 kobolds
  2 rats (D:3)
104 creatures vanquished.

Vanquished Creatures (others)
  A gnoll (D:5)
  3 fungi (D:2)
  2 plants (D:2)
6 creatures vanquished.

Grand Total: 110 creatures vanquished

Notes
Turn   | Place    | Note
-------+----------+-------------------------------------------
     0 | D:1      | ragingrage the Vine Stalker Chaos Knight began the quest
                  | for the Orb.
     0 | D:1      | Reached XP level 1. HP: 11/11 MP: 2/2
   424 | D:1      | Reached skill level 1 in Dodging
   639 | D:1      | Reached XP level 2. HP: 16/16 MP: 3/3
   715 | D:2      | Reached skill level 3 in Axes
   715 | D:2      | Reached XP level 3. HP: 1/20 MP: 1/4
   881 | D:1      | XOM: silly message
  1171 | D:2      | Found a faded altar of an unknown god.
  1260 | D:2      | XOM: smoke on damage
  1325 | D:2      | Gained mutation: Your natural rate of healing is unusually
                  | fast. [Vine Stalker growth]
  1325 | D:2      | Reached XP level 4. HP: 24/24 MP: 5/5
  1372 | D:2      | Noticed Natasha
  1382 | D:2      | Killed Natasha
  1650 | D:2      | XOM: silly message
  1806 | D:2      | Noticed Natasha
  1810 | D:2      | XOM: butterfly on damage
  1811 | D:2      | Killed Natasha
  1812 | D:2      | Reached XP level 5. HP: 22/28 MP: 3/6
  1860 | D:2      | Noticed Natasha
  1867 | D:2      | Killed Natasha
  1979 | D:3      | Noticed a centaur
  1985 | D:3      | XOM: cast spell 'Leda's Liquefaction'
  1987 | D:3      | a centaur changed into an endoplasm
  2175 | D:3      | XOM: butterfly on damage
  2209 | D:3      | XOM: noise
  2245 | D:3      | XOM: divination: detect items
  2316 | D:3      | XOM: 2-stop teleportation journey
  3127 | D:4      | XOM: summons 2 hostile shadow creatures
  3128 | D:4      | Noticed an ogre
  3179 | D:4      | Reached XP level 6. HP: 28/33 MP: 7/7
  3319 | D:4      | XOM: 4-stop teleportation journey
  3333 | D:4      | Found a runed translucent gate.
  3333 | D:4      | Found a runed translucent gate.
  3334 | D:4      | Found a runed translucent gate.
  3338 | D:4      | Noticed porpoise's ghost (novice DrTm)
  3396 | D:4      | Found Vuiq's Weapon Shoppe.
  3404 | D:4      | Bought 6 poisoned darts for 24 gold pieces
  3568 | D:4      | XOM: confusion (+ monsters)
  3582 | D:4      | Reached skill level 4 in Axes
  3642 | D:4      | XOM: give mutations
  3642 | D:4      | Gained mutation: Your movements are slightly less
                  | encumbered by armour. (ER -2) [Xom's grace]
  3642 | D:4      | Gained mutation: You have supernaturally acute eyesight.
                  | (SInv) [Xom's grace]
  3827 | D:4      | XOM: stat loss: -1 Dex (12/13)
  3920 | D:5      | Entered Level 5 of the Dungeon
  3922 | D:5      | XOM: noise
  3941 | D:5      | Noticed Blork the orc
  4001 | D:5      | Found a staircase to the Ecumenical Temple.
  4021 | D:5      | Killed Blork the orc
  4022 | D:5      | Reached skill level 5 in Axes
  4022 | D:5      | Reached XP level 7. HP: 28/37 MP: 5/8
  4092 | D:5      | XOM: 3-stop teleportation journey
  4111 | D:5      | Noticed Ijyb
  4122 | D:5      | Killed Ijyb
  4123 | D:5      | Reached skill level 6 in Axes
  4400 | D:5      | XOM: summons 1 hostile demon
  4426 | D:5      | Noticed Sigmund
  4432 | D:5      | Killed Sigmund
  4433 | D:5      | Reached skill level 7 in Axes
  4433 | D:5      | Gained mutation: You have razor-sharp teeth. [Vine Stalker
                  | growth]
  4433 | D:5      | Reached XP level 8. HP: 34/42 MP: 6/9
  4777 | D:5      | XOM: confusion (+ monsters)
  4946 | D:5      | XOM: give mutations
  4946 | D:5      | Gained mutation: You are frail. (-10% HP) [Xom's mischief]
  4946 | D:5      | Gained mutation: You occasionally lose the ability to read
                  | scrolls when taking damage. [Xom's mischief]
  4946 | D:5      | Gained mutation: You occasionally lose the ability to drink
                  | potions when taking damage. [Xom's mischief]
  4996 | D:6      | XOM: polymorph gnoll -> howler monkey
  5010 | D:5      | XOM: silly message
  5115 | D:6      | You fall into a shaft and drop 2 floors!
  5160 | D:8      | XOM: scenery: summon butterflies
  5165 | D:8      | Reached skill level 8 in Axes
  5205 | D:8      | XOM: swap monsters
  5213 | D:8      | Reached skill level 9 in Axes
  5324 | D:8      | Killed from afar by an acid dragon

Illustrated notes

Levels and vault maps discovered:
D:1:      heliophobic_arrival_ceremonial_halls, layout_rooms,
          supply_closet_lemuel, minmay_shallow_snake_nest
D:2:      layout_basic, dreamdust_ecumenical_altar_grove, uniq_natasha
D:3:      layout_basic
D:4:      layout_basic, gammafunk_ghost_necromancy, serial_shops,
          nicolae_shop_hallway_stairs
D:5:      layout_basic, minmay_temple_entry_large_hall, uniq_blork_the_orc,
          uniq_ijyb, uniq_sigmund
D:6:      layout_basic, serial_shops, shop, nicolae_shop_vocational,
          uniq_edmund, uniq_duvessa
D:8:      layout_loops_ring, nicolae_ossuary_entry_monument, hex_medium

Skill      XL: |  1  2  3  4  5  6  7  8 |
---------------+-------------------------+-----
Dodging        | 1 2 |  2.4
Fighting       | 3 |  3.8
Axes           | 3 5 7 9 |  9.3
Armour         | 2 |  2.9

Action                   |  1- 3 |  4- 6 |  7- 9 || total
-------------------------+-------+-------+-------++-------
Melee: Hand axe          |    64 |   161 |   128 ||   353
       Bite              |    17 |    37 |    38 ||    92
       Punch             |       |     2 |       ||     2
 Fire: Sling             |     4 |       |       ||     4
Throw: Dart              |       |     1 |    10 ||    11
       Throwing net      |       |       |     1 ||     1
Evoke: Wand              |       |     3 |     5 ||     8
  Use: Potion            |     1 |       |     1 ||     2
       Scroll            |       |       |     6 ||     6
 Stab: Sleeping          |     1 |       |       ||     1
       Petrified         |     4 |       |       ||     4
       Petrifying        |     1 |       |       ||     1
       Paralysed         |       |     1 |       ||     1
       Confused          |       |     1 |       ||     1
Armor: Leather armour    |    28 |    49 |    32 ||   109
Dodge: Dodged            |    40 |   117 |    76 ||   233

Table legend: (Time is in decaauts)
 A = Elapsed time spent in this place.
 B = Non-inter-level travel time spent in this place.
 C = Inter-level travel time spent in this place.
 D = Time resting spent in this place.
 E = Time spent auto-exploring this place.
 F = Levels seen in this place.
 G = Mean time per level.
                   A        B        C        D        E       F      G
               +--------+--------+--------+--------+--------+-----+--------+
         Total |   5346 |   5022 |    324 |    232 |   3754 |   7 |  763.7 |
       Dungeon |   5346 |   5022 |    324 |    232 |   3754 |   7 |  763.7 |
               +--------+--------+--------+--------+--------+-----+--------+

Top non-repeatable levels by time:
     D:2: 1176 daAuts
     D:3: 1104 daAuts
     D:5: 1044 daAuts
     D:4: 935 daAuts
     D:1: 780 daAuts
     D:8: 204 daAuts
     D:6: 100 daAuts
